 Dungeon Crawl Stone Soup version 0.26.1-11-gd32895ea62 (webtiles) character file.

Game seed: 1380986332091850861

331 Zeld the Spear-Bearer (level 6, -1/63 HPs)
             Began as a Merfolk Monk on May 25, 2021.
             Was a Believer of Hepliaklqana.
             Slain by a killer bee (3 damage)
             ... on level 4 of the Dungeon.
             The game lasted 00:05:07 (5857 turns).

Zeld the Spear-Bearer (Merfolk Monk)                Turns: 5857, Time: 00:05:08

Health: -1/63      AC: 23    Str: 13    XL:     6   Next: 52%
Magic:  6/6        EV:  2    Int: 11    God:    Hepliaklqana [**....]
Gold:   241        SH:  0    Dex: 17    Spells: 5/5 levels left

rFire    . . .     SeeInvis .   a - +0 spear
rCold    . . .     Faith    .   (no shield)
rNeg     + + +     Spirit   .   (armour currently unavailable)
rPois    +         Reflect  .   (helmet currently unavailable)
rElec    .         Harm     .   (cloak currently unavailable)
rCorr    .         Rampage  .   (gloves currently unavailable)
Will     .....     NoTele   +   (boots currently unavailable)
Stlth    ++........             (no amulet)
HPRegen  0.20/turn              (no ring)
MPRegen  0.10/turn              (no ring)

@: lethally poisoned (-1 -> -8), tree-form, hasted, very quick
A: (change form in water), (swift swim), (stealthy swim), reduced essence,
clever 1
a: Renounce Religion, Recall Ancestor, Ancestor Identity


You were on level 4 of the Dungeon.
You worshipped Hepliaklqana.
Hepliaklqana was pleased with you.
You were a tree.
You visited 1 branch of the dungeon, and saw 4 of its levels.

You collected 241 gold pieces.

Inventory:

Hand Weapons
 a - a +0 spear (weapon)
Missiles
 l - 2 boomerangs
 o - 33 poisoned darts (quivered)
Armour
 b - a +0 robe (melded)
 g - a +0 cloak (melded)
 v - a +2 pair of gloves (melded)
Jewellery
 n - a cursed ring of teleportation {unknown}
 p - an uncursed ring of poison resistance {unknown}
Wands
 s - a wand of paralysis (9)
Scrolls
 c - 2 scrolls of teleportation {unknown}
 d - 3 scrolls of magic mapping {unknown}
 e - 2 scrolls of identify {unknown}
 f - a scroll of amnesia {unknown}
 j - a scroll of random uselessness {unknown}
 k - a scroll of fog {unknown}
 q - a scroll of enchant weapon {unknown}
 r - a scroll of noise {unknown}
 t - a scroll of remove curse {unknown}
Potions
 i - a potion of flight
 w - a potion of cancellation


   Skills:
 - Level 3.2 Fighting
 * Level 10.1 Polearms
 - Level 4.0 Dodging
 - Level 2.1 Stealth


You had 5 spell levels left.
You didn't know any spells.
Your spell library was empty.

Dungeon Overview and Level Annotations

Branches:
Dungeon (4/15)
 Temple: D:4-7

Altars:
Hepliaklqana
Qazlal
Wu Jian
Zin


Innate Abilities, Weirdness & Mutations

((You revert to your normal form in water.))
((You are very nimble and swift while swimming.))
((You are very stealthy in the water. (Stealth+)))
Your life essence is reduced to manifest your ancestor. (-10% HP)
((You are partially covered in molten scales. (AC +2)))
Your mind is acute. (Int +2)


Message History

You miss the killer bee.
The killer bee is almost dead.
The killer bee stings you but does no damage.
You hit the killer bee.
You kill the killer bee!
* * * LOW HITPOINT WARNING * * *
You feel sick.
Your Polearms skill increases to level 10!
You closely miss the killer bee. You barely miss the killer bee.
* * * LOW HITPOINT WARNING * * *
You feel sick. The killer bee stings you.
* * * LOW HITPOINT WARNING * * *
You hit the killer bee.
The killer bee is heavily wounded.
The killer bee stings you but does no damage.
You hit the killer bee.
The killer bee is almost dead.
The killer bee stings you.
You die...

##.#.#..## ###
#.#.#...#
#>#.##..####
#.#.#......#######
#.#.#.............
#.#.....#.........
#..........#######
##########....#######
#yyy♣....#...........
#y######.#...#######.
#.# #.#...........
#y######.#..[........
#y#......#........#..
#y#.######.#.####.#..
#.#.######.#.#..#.##.
#.#......#.#.#.......
.######.#.#.#.##.###


You could see 4 killer bees.

Vanquished Creatures
  A centaur (D:4)
  A killer bee (D:4)
  2 orc wizards (D:4)
  An ooze (D:2)
  2 adder skeletons (D:4)
  4 worms
  4 dart slugs
  4 leopard geckos
  4 orcs
  A bat zombie (D:2)
  2 giant cockroaches (D:1)
  8 goblins
  12 hobgoblins
  3 jackals (D:4)
  3 kobolds
  2 quokkas
  A ball python (D:2)
  A ball python skeleton (D:4)
  4 bats (D:1)
  3 frilled lizards
  A giant cockroach zombie (D:2)
  2 quokka zombies (D:2)
  10 rats
76 creatures vanquished.

Vanquished Creatures (collateral kills)
  A killer bee (D:4)
  An adder (D:3)
  A worm (D:3)
  2 giant cockroaches
  A hobgoblin (D:3)
  A jackal (D:4)
  A quokka (D:3)
  A bat (D:3)
9 creatures vanquished.

Vanquished Creatures (others)
  3 hexers (D:4)
  2 withered plants (D:2)
5 creatures vanquished.

Grand Total: 90 creatures vanquished

Notes
Turn   | Place    | Note
-------+----------+-------------------------------------------
     0 | D:1      | Zeld the Merfolk Monk began the quest for the Orb.
     0 | D:1      | Reached XP level 1. HP: 18/18 MP: 1/1
   164 | D:1      | Reached skill level 5 in Polearms
   165 | D:1      | Reached XP level 2. HP: 7/24 MP: 2/2
   837 | D:1      | Reached skill level 6 in Polearms
   837 | D:1      | Reached XP level 3. HP: 29/29 MP: 3/3
  2162 | D:2      | Reached XP level 4. HP: 31/35 MP: 4/4
  2186 | D:2      | Reached skill level 7 in Polearms
  3248 | D:3      | Found an ornate altar of the Wu Jian Council.
  3252 | D:3      | Found a glowing silver altar of Zin.
  3255 | D:3      | Found a hazy altar of Hepliaklqana.
  3258 | D:3      | Found a stormy altar of Qazlal.
  3267 | D:3      | Became a worshipper of Hepliaklqana the Forgotten
  3267 | D:3      | Reached * piety under Hepliaklqana
  3267 | D:3      | Reached ** piety under Hepliaklqana
  3268 | D:3      | Remembered your ancestor Zeld as a hexer
  3954 | D:4      | Reached skill level 8 in Polearms
  3954 | D:4      | Reached XP level 5. HP: 36/36 MP: 5/5
  3971 | D:4      | Noticed a centaur
  4778 | D:4      | Killed a centaur
  4779 | D:4      | Reached skill level 9 in Polearms
  4779 | D:4      | Reached XP level 6. HP: 30/42 MP: 6/6
  5844 | D:4      | Gained mutation: You are partially covered in molten
                  | scales. (AC +2) [potion of mutation]
  5844 | D:4      | Gained mutation: Your mind is acute. (Int +2) [potion of
                  | mutation]
  5854 | D:4      | Reached skill level 10 in Polearms
  5855 | D:4      | HP: 2/63 [killer bee (4)]
  5857 | D:4      | Slain by a killer bee

Illustrated notes

Levels and vault maps discovered:
D:1:      evilmike_arrival_rings, layout_basic, serial_aquarium,
          aquarium_bridge_square [aquarium_subvault_bridge,
          aquarium_subvault_wall, aquarium_subvault_wall,
          aquarium_subvault_wall], aquarium_window_2, aquarium_window_fake,
          aquarium_window_1, aquarium_view_2g, aquarium_view_2c,
          aquarium_balcony_double_4
D:2:      layout_basic, serial_undead, serial_undead_c, serial_undead_a,
          serial_undead_b, serial_undead_d, serial_undead_c, serial_undead_f,
          palyth_stone_intersect, st_stairs_6, minmay_3d_cube
D:3:      layout_basic, grunt_temple_overflow_cloverleaf
D:4:      layout_basic

Skill      XL: |  1  2  3  4  5  6 |
---------------+-------------------+-----
Polearms       | 5 6 8 9 10 | 10.1
Fighting       | |  3.2
Dodging        | |  4.0
Stealth        | |  2.1

Action                   |  1- 3 |  4- 6 || total
-------------------------+-------+-------++-------
Melee: Spear             |   172 |   260 ||   432
Invok: Ancestor Identity |       |     2 ||     2
       Ancestor Life: He |       |     1 ||     1
  Use: Potion            |       |     5 ||     5
 Stab: Sleeping          |     7 |     3 ||    10
Armor: Robe              |    20 |    21 ||    41
       Skin              |       |    10 ||    10
Dodge: Dodged            |   107 |    98 ||   205
